3AA
BETHESDA ATOMS @ ASHEVILLE HIGHLANDERS
07/17/2041
 
TOP OF THE 1ST
Bethesda Atoms batting - Pitching for Asheville Highlanders : RHP Geoffrey Washington
Pitching: RHP Geoffrey Washington
Batting: RHB Jorge Gardella 0-0: Ball
1-0: Ball
2-0: Ground out 5-3 (Groundball, 56, EV 86.2 MPH)
Batting: LHB Robby Caldwell 0-0: Ball
1-0: Fly out, F8 (Line Drive, 8LM, EV 110.0 MPH)
Batting: RHB Byron Shadix 0-0: Foul Ball, location: 2F
0-1: SINGLE (Line Drive, 34D, EV 94.4 MPH)
Batting: RHB Dana O'Quinlevan 0-0: Called Strike
0-1: Ball
1-1: Foul Ball, location: 2F
1-2: Foul Ball, location: 2F
1-2: Ball
2-2: Foul Ball, location: 2F
2-2: SINGLE (Flyball, 7S, EV 83.8 MPH)
Byron Shadix to second
Batting: LHB Mhelter Narcida 0-0: Ground out 3-1 (Groundball, 34, EV 103.1 MPH)
Top of the 1st over - 0 runs, 2 hits, 0 errors, 2 left on base; Bethesda 0 - Asheville 0
BOTTOM OF THE 1ST
Asheville Highlanders batting - Pitching for Bethesda Atoms : RHP Zhenya Gospodyni
Pitching: RHP Zhenya Gospodyni
Batting: RHB Lane Ruffin 0-0: Foul Ball, location: 2F
0-1: Ground out 4-3 (Groundball, 4, EV 83.1 MPH)
Batting: RHB Tikaroa Hakapuna 0-0: Foul Ball, location: 2F
0-1: Ball
1-1: Swinging Strike
1-2: Ball
2-2: DOUBLE (Flyball, 8LXD, EV 94.4 MPH)
Batting: RHB Dusan Kontic 0-0: Ball
1-0: Called Strike
1-1: Ball
2-1: Fly out, F7 (Line Drive, 7, EV 89.4 MPH)
Batting: SHB Wendell Palmer 0-0: Foul Ball, location: 2F
0-1: Ball
1-1: Ball
2-1: Foul Ball, location: 2F
2-2: SINGLE (Line Drive, 4MD, EV 97.5 MPH)
Tikaroa Hakapuna to third
Runner from 3rd tries for Home, SAFE, no throw by CF
Batting: RHB Tony Castellanos 0-0: Swinging Strike
0-1: Ball
1-1: SINGLE (Groundball, 23, EV 65.6 MPH) (infield hit)
Wendell Palmer to second
Batting: RHB Ivano Pohvisnev 0-0: Ball
1-0: Ball
2-0: Ball
3-0: Base on Balls
Wendell Palmer to third
Tony Castellanos to second
Batting: RHB Luis Romero 0-0: Foul Ball, location: 2F
0-1: Foul Ball, location: 2F
0-2: Ball
Wild Pitch!
Wendell Palmer scores
Tony Castellanos to third
Ivano Pohvisnev to second
1-2: Fly out, F6 (Line Drive, 6, EV 70.6 MPH)
Bottom of the 1st over - 2 runs, 3 hits, 0 errors, 2 left on base; Bethesda 0 - Asheville 2
TOP OF THE 2ND
Bethesda Atoms batting - Pitching for Asheville Highlanders : RHP Geoffrey Washington
Batting: LHB Ayub Kuthakwakulu 0-0: Ground out 4-3 (Groundball, 4, EV 81.2 MPH)
Batting: RHB Juan Vázquez 0-0: Swinging Strike
0-1: Foul Ball, location: 2F
0-2: Strikes out swinging
Batting: RHB John Lester 0-0: Ball
1-0: Ground out 1-3 (Groundball, 13, EV 68.8 MPH)
Top of the 2nd over - 0 runs, 0 hits, 0 errors, 0 left on base; Bethesda 0 - Asheville 2
BOTTOM OF THE 2ND
Asheville Highlanders batting - Pitching for Bethesda Atoms : RHP Zhenya Gospodyni
Batting: RHB Francis Raffone 0-0: Called Strike
0-1: Ball
1-1: Called Strike
1-2: Ball
2-2: Ground out 6-3 (Groundball, 6M, EV 107.5 MPH)
Batting: RHB Joe Frank 0-0: Called Strike
0-1: Ground out 5-3 (Groundball, 56, EV 103.1 MPH)
Batting: RHB Lane Ruffin 0-0: Called Strike
0-1: Called Strike
0-2: Fly out, F9 (Line Drive, 9D, EV 96.2 MPH)
Bottom of the 2nd over - 0 runs, 0 hits, 0 errors, 0 left on base; Bethesda 0 - Asheville 2
TOP OF THE 3RD
Bethesda Atoms batting - Pitching for Asheville Highlanders : RHP Geoffrey Washington
Batting: SHB Mikk Tamm 0-0: Ball
1-0: Called Strike
1-1: Ball
2-1: Swinging Strike
2-2: Foul Ball, location: 2F
2-2: Ball
3-2: Foul Ball, location: 2F
3-2: Foul Ball, location: 2F
3-2: Foul Ball, location: 2F
3-2: Base on Balls
Batting: RHB Jorge Gardella 0-0: Foul Ball, location: 2F
0-1: Ball
1-1: Ball
2-1: Ball
3-1: Called Strike
3-2: Foul Ball, location: 2F
3-2: Ground out 5-3 (Groundball, 56S, EV 73.1 MPH)
Mikk Tamm to second
Batting: LHB Robby Caldwell 0-0: Swinging Strike
0-1: Fly out, F5 (Popup, 5S, EV 79.4 MPH)
Batting: RHB Byron Shadix 0-0: Foul Ball, location: 2F
0-1: Ball
1-1: Ball
2-1: Ball
3-1: Swinging Strike
3-2: Fly out, F9 (Line Drive, 9, EV 99.4 MPH)
Top of the 3rd over - 0 runs, 0 hits, 0 errors, 1 left on base; Bethesda 0 - Asheville 2
BOTTOM OF THE 3RD
Asheville Highlanders batting - Pitching for Bethesda Atoms : RHP Zhenya Gospodyni
Batting: RHB Tikaroa Hakapuna 0-0: Foul Ball, location: 2F
0-1: Swinging Strike
0-2: Ball
1-2: Ball
2-2: Strikes out swinging
Batting: RHB Dusan Kontic 0-0: Ball
1-0: Ball
2-0: Foul Ball, location: 2F
2-1: Ball
3-1: Called Strike
3-2: Fly out, F4 (Flyball, 34D, EV 91.9 MPH)
Batting: SHB Wendell Palmer 0-0: Ball
1-0: Called Strike
1-1: Called Strike
1-2: Ball
2-2: Foul Ball, location: 2F
2-2: Foul Ball, location: 2F
2-2: Ball
3-2: Foul Ball, location: 2F
3-2: SINGLE (Line Drive, 8RS, EV 105.6 MPH)
Batting: RHB Tony Castellanos 0-0: Ball
1-0: Foul Ball, location: 2F
1-1: Called Strike
1-2: Ball
2-2: Ball
3-2: Hit by Pitch
Wendell Palmer to second
Batting: RHB Ivano Pohvisnev 0-0: SINGLE (Line Drive, 89S, EV 106.2 MPH)
Wendell Palmer to third
Tony Castellanos to second
Runner from 3rd tries for Home, SAFE, no throw by RF
Batting: RHB Luis Romero 0-0: Called Strike
0-1: Ball
1-1: Foul Ball, location: 2F
1-2: Fly out, F9 (Line Drive, 9D, EV 108.1 MPH)
Bottom of the 3rd over - 1 run, 2 hits, 0 errors, 2 left on base; Bethesda 0 - Asheville 3
TOP OF THE 4TH
Bethesda Atoms batting - Pitching for Asheville Highlanders : RHP Geoffrey Washington
Batting: RHB Dana O'Quinlevan 0-0: Called Strike
0-1: Ball
1-1: Swinging Strike
1-2: Ball
2-2: Foul Ball, location: 2F
2-2: Hit by Pitch
Batting: LHB Mhelter Narcida 0-0: Ball
1-0: Ball
2-0: Ball
3-0: Called Strike
3-1: Swinging Strike
3-2: Strikes out looking
Batting: LHB Ayub Kuthakwakulu 0-0: Ball
1-0: Called Strike
1-1: Ball
2-1: Swinging Strike
2-2: Foul Ball, location: 2F
2-2: Foul Ball, location: 2F
2-2: Fielders Choice at 2nd, 2-6 (Groundball, 13S, EV 70.6 MPH)
Batting: RHB Juan Vázquez 0-0: Ball
1-0: Ball
2-0: Ball
3-0: Base on Balls
Ayub Kuthakwakulu to second
Batting: RHB John Lester 0-0: Ball
1-0: Swinging Strike
1-1: Fielders Choice at 2nd, 5-4 (Groundball, 56, EV 100.6 MPH)
Top of the 4th over - 0 runs, 0 hits, 0 errors, 2 left on base; Bethesda 0 - Asheville 3
BOTTOM OF THE 4TH
Asheville Highlanders batting - Pitching for Bethesda Atoms : RHP Zhenya Gospodyni
Batting: RHB Francis Raffone 0-0: Ball
1-0: Ball
2-0: Ground out 4-3 (Groundball, 4MS, EV 82.5 MPH)
Batting: RHB Joe Frank 0-0: Ball
1-0: Swinging Strike
1-1: Swinging Strike
1-2: Ball
2-2: Ball
3-2: Foul Ball, location: 2F
3-2: Foul Ball, location: 2F
3-2: Base on Balls
Batting: RHB Lane Ruffin 0-0: Ball
1-0: Foul Ball, location: 2F
1-1: Fielders Choice at 2nd, 2-6 (Groundball, 2R, EV 70.6 MPH)
Batting: RHB Tikaroa Hakapuna 0-0: Fly out, F8 (Line Drive, 8RD, EV 94.4 MPH)
Bottom of the 4th over - 0 runs, 0 hits, 0 errors, 1 left on base; Bethesda 0 - Asheville 3
TOP OF THE 5TH
Bethesda Atoms batting - Pitching for Asheville Highlanders : RHP Geoffrey Washington
Batting: SHB Mikk Tamm 0-0: Foul Ball, location: 2F
0-1: Foul Ball, location: 2F
0-2: Strikes out swinging
Batting: RHB Jorge Gardella 0-0: Swinging Strike
0-1: Foul Ball, location: 2F
0-2: DOUBLE (Line Drive, 89D, EV 110.0 MPH)
Pinch Runner at 2nd Chris Leppert:
Batting: LHB Robby Caldwell 0-0: Fly out, F8 (Flyball, 8LXD, EV 101.2 MPH)
Runner from 2nd tags up, SAFE at 3rd, no throw by CF
Batting: RHB Byron Shadix 0-0: Ball
1-0: Foul Ball, location: 2F
1-1: Foul Ball, location: 2F
1-2: Foul Ball, location: 2F
1-2: Ball
2-2: Foul Ball, location: 2F
2-2: Foul Ball, location: 2F
2-2: Fly out, F8 (Flyball, 8LS, EV 93.8 MPH)
Top of the 5th over - 0 runs, 1 hit, 0 errors, 1 left on base; Bethesda 0 - Asheville 3
BOTTOM OF THE 5TH
Asheville Highlanders batting - Pitching for Bethesda Atoms : RHP Zhenya Gospodyni
Now at 3B: Chris Leppert
Batting: RHB Dusan Kontic 0-0: Ball
1-0: Ground out 4-3 (Groundball, 4S, EV 79.4 MPH)
Batting: SHB Wendell Palmer 0-0: Ball
1-0: Foul Ball, location: 2F
1-1: SOLO HOME RUN (Flyball, 9D, EV 104.4 MPH), Distance : 352 ft
Batting: RHB Tony Castellanos 0-0: Ball
1-0: Ball
2-0: Called Strike
2-1: Called Strike
2-2: Ball
3-2: Strikes out swinging
Batting: RHB Ivano Pohvisnev 0-0: Ball
1-0: Swinging Strike
1-1: Ball
2-1: Foul Ball, location: 2F
2-2: Ball
3-2: Base on Balls
Batting: RHB Luis Romero 0-0: Foul Ball, location: 2F
0-1: Ball
1-1: Foul Ball, location: 2F
1-2: Ball
2-2: Ball
3-2: DOUBLE (Flyball, 78XD, EV 100.6 MPH)
Ivano Pohvisnev to third
Ivano Pohvisnev scores
Pitching: RHP Narahiko Sanu
Batting: RHB Francis Raffone 0-0: Swinging Strike
0-1: Ball
1-1: Called Strike
1-2: Strikes out swinging
Bottom of the 5th over - 2 runs, 2 hits, 0 errors, 1 left on base; Bethesda 0 - Asheville 5
TOP OF THE 6TH
Bethesda Atoms batting - Pitching for Asheville Highlanders : RHP Geoffrey Washington
Pitching: LHP Hedi Charlet
Batting: RHB Dana O'Quinlevan 0-0: Swinging Strike
0-1: Hit by Pitch
Batting: LHB Mhelter Narcida 0-0: SINGLE (Groundball, 6MD, EV 106.2 MPH)
Dana O'Quinlevan to second
Batting: LHB Ayub Kuthakwakulu 0-0: Ball
1-0: Ball
2-0: Called Strike
2-1: Ball
3-1: Base on Balls
Dana O'Quinlevan to third
Mhelter Narcida to second
Batting: RHB Juan Vázquez 0-0: Swinging Strike
0-1: Foul Ball, location: 2F
0-2: Strikes out swinging
Batting: RHB John Lester 0-0: Called Strike
0-1: Foul Ball, location: 2F
0-2: Grounds into fielders choice 1-2 (Groundball, 13, EV 70.0 MPH)
Mhelter Narcida to third
Ayub Kuthakwakulu to second
Batting: SHB Mikk Tamm 0-0: Ball
1-0: Called Strike
1-1: Fly out, F8 (Flyball, 8RD, EV 101.9 MPH)
Top of the 6th over - 0 runs, 1 hit, 0 errors, 3 left on base; Bethesda 0 - Asheville 5
BOTTOM OF THE 6TH
Asheville Highlanders batting - Pitching for Bethesda Atoms : RHP Narahiko Sanu
Batting: RHB Joe Frank 0-0: Fly out, F8 (Flyball, 8RM, EV 90.0 MPH)
Batting: RHB Lane Ruffin 0-0: Ball
1-0: Called Strike
1-1: Foul Ball, location: 2F
1-2: Ball
2-2: Strikes out swinging
Batting: RHB Tikaroa Hakapuna 0-0: Ground out 6-3 (Groundball, 6, EV 95.6 MPH)
Bottom of the 6th over - 0 runs, 0 hits, 0 errors, 0 left on base; Bethesda 0 - Asheville 5
TOP OF THE 7TH
Bethesda Atoms batting - Pitching for Asheville Highlanders : LHP Hedi Charlet
Batting: RHB Chris Leppert 0-0: Fly out, F8 (Flyball, 89M, EV 83.1 MPH)
Batting: LHB Robby Caldwell 0-0: Foul Ball, location: 2F
0-1: Ball
1-1: Swinging Strike
1-2: Ball
2-2: Foul Ball, location: 2F
2-2: Strikes out swinging
Batting: RHB Byron Shadix 0-0: Called Strike
0-1: Fly out, F7 (Flyball, 7D, EV 108.8 MPH)
Top of the 7th over - 0 runs, 0 hits, 0 errors, 0 left on base; Bethesda 0 - Asheville 5
BOTTOM OF THE 7TH
Asheville Highlanders batting - Pitching for Bethesda Atoms : RHP Narahiko Sanu
Batting: RHB Dusan Kontic 0-0: Called Strike
0-1: Foul Ball, location: 2F
0-2: Ball
1-2: Foul Ball, location: 2F
1-2: Foul Ball, location: 2F
1-2: Foul Ball, location: 2F
1-2: Strikes out swinging
Batting: SHB Wendell Palmer 0-0: Ball
1-0: Fly out, F7 (Flyball, 7D, EV 100.0 MPH)
Batting: RHB Tony Castellanos 0-0: Ball
1-0: Swinging Strike
1-1: Ball
2-1: SINGLE (Line Drive, 3D, EV 106.9 MPH)
Batting: RHB Ivano Pohvisnev 0-0: Called Strike
0-1: Ball
1-1: Foul Ball, location: 2F
1-2: Ball
2-2: SINGLE (Flyball, 6D, EV 89.4 MPH)
Tony Castellanos to second
Batting: RHB Luis Romero 0-0: Swinging Strike
0-1: Swinging Strike
0-2: Ball
1-2: SINGLE (Line Drive, 8RS, EV 96.2 MPH)
Tony Castellanos to third
Ivano Pohvisnev to second
Runner from 3rd tries for Home, SAFE, no throw by CF
Batting: RHB Francis Raffone 0-0: Ball
1-0: Called Strike
1-1: Ball
2-1: Foul Ball, location: 2F
2-2: Ball
3-2: Base on Balls
Ivano Pohvisnev to third
Luis Romero to second
Batting: RHB Joe Frank 0-0: Swinging Strike
0-1: Swinging Strike
Passed Ball!
Ivano Pohvisnev scores
Luis Romero to third
Francis Raffone to second
0-2: Strikes out swinging
Bottom of the 7th over - 2 runs, 3 hits, 0 errors, 2 left on base; Bethesda 0 - Asheville 7
TOP OF THE 8TH
Bethesda Atoms batting - Pitching for Asheville Highlanders : LHP Hedi Charlet
Batting: RHB Dana O'Quinlevan 0-0: Called Strike
0-1: Ball
1-1: Called Strike
1-2: Fly out, F8 (Flyball, 8RD, EV 96.9 MPH)
Batting: LHB Mhelter Narcida 0-0: Ball
1-0: Called Strike
1-1: Ball
2-1: SINGLE (Groundball, 3D, EV 101.2 MPH)
Batting: LHB Ayub Kuthakwakulu 0-0: Ground out 6-3 (Groundball, 6MS, EV 91.9 MPH)
Mhelter Narcida to second
Pinch Hitting: LHB Reynaldo Pérez 0-0: Ball
1-0: Foul Ball, location: 2F
1-1: Foul Ball, location: 2F
1-2: Foul Ball, location: 2F
1-2: Strikes out swinging
Top of the 8th over - 0 runs, 1 hit, 0 errors, 1 left on base; Bethesda 0 - Asheville 7
BOTTOM OF THE 8TH
Asheville Highlanders batting - Pitching for Bethesda Atoms : RHP Narahiko Sanu
Now at 1B: Reynaldo Pérez
Batting: RHB Lane Ruffin 0-0: SINGLE (Line Drive, 5D, EV 96.9 MPH)
Batting: RHB Tikaroa Hakapuna 0-0: Called Strike
0-1: Ball
1-1: Ball
2-1: Ball
3-1: Base on Balls
Lane Ruffin to second
Batting: RHB Dusan Kontic 0-0: Ball
1-0: Fly out, F9 (Flyball, 9, EV 81.2 MPH)
Batting: SHB Wendell Palmer 0-0: Foul Ball, location: 2F
0-1: Called Strike
0-2: Ball
1-2: Ball
2-2: Foul Ball, location: 2F
2-2: Ball
3-2: Fielders Choice at 2nd, 3-6 (Groundball, 34S, EV 92.5 MPH)
Lane Ruffin to third
Batting: RHB Tony Castellanos 0-0: Foul Ball, location: 2F
0-1: Fly out, F7 (Flyball, 7LSF, EV 95.6 MPH)
Bottom of the 8th over - 0 runs, 1 hit, 0 errors, 2 left on base; Bethesda 0 - Asheville 7
TOP OF THE 9TH
Bethesda Atoms batting - Pitching for Asheville Highlanders : LHP Hedi Charlet
Batting: RHB John Lester 0-0: Ball
1-0: Ball
2-0: SINGLE (Line Drive, 8LS, EV 100.6 MPH)
Batting: SHB Mikk Tamm 0-0: Foul Ball, location: 2F
0-1: Foul Ball, location: 2F
0-2: Ball
1-2: Fly out, F6 (Popup, 15S, EV 73.8 MPH)
Batting: RHB Chris Leppert 0-0: 2-RUN HOME RUN (Flyball, 7D, EV 98.1 MPH), Distance : 398 ft
Batting: LHB Robby Caldwell 0-0: Ball
1-0: Foul Ball, location: 2F
1-1: Ball
2-1: Ball
3-1: Called Strike
3-2: Strikes out swinging
Batting: RHB Byron Shadix 0-0: Ball
1-0: Ball
2-0: Called Strike
2-1: Called Strike
2-2: Foul Ball, location: 2F
2-2: Strikes out swinging
Top of the 9th over - 2 runs, 2 hits, 0 errors, 0 left on base; Bethesda 2 - Asheville 7
Tuesday, January 5th, 2021 - OOTP Baseball 20.8 Build 74